 Dungeon Crawl Stone Soup version 0.20.1-1-g8b1a95d (webtiles) character file.

2007 Irenicus the Martial Artist (level 9, -2/57 HPs)
             Began as a Vampire Chaos Knight on Oct 8, 2017.
             Slain by an orc warrior
             ... wielding a +0 short sword
              (9 damage)
             ... on level 7 of the Dungeon.
             The game lasted 00:21:22 (5305 turns).

Irenicus the Martial Artist (Vampire Chaos Knight)  Turns: 5305, Time: 00:21:22

Health: -2/57      AC:  8    Str: 11    XL:     9   Next: 2%
Magic:  9/9        EV:  7    Int: 14    God:    Xom [....*.]
Gold:   425        SH:  3    Dex: 19    Spells: 7/8 levels left

rFire    . . .     SeeInvis +     - Unarmed
rCold    + . .     Gourm    .   (no shield)
rNeg     + + .     Faith    .   G - +1 leather armour of Hysteria {-Cast MR++ Str+2 Dex+4}
rPois    +         Spirit   .   (no helmet)
rElec    .         Reflect  +   (no cloak)
rCorr    .         Harm     .   (no gloves)
MR       ++...     NoCast   +   (no boots)
Stlth    +.........             F - +3 amulet of reflection
Regen    0.1/turn               l - ring of loudness (curse)
MPRegen  0.2/turn               w - ring of flight

@: cleaving, regenerating slowly, heavily drained
A: fangs 3, talons 1, icy blue scales 1, slimy green scales 1, see invisible,
clumsy 1, frail 1, weak 1, unbreathing, evolution 1
a: Bat Form, Renounce Religion, Evoke Flight


You were on level 7 of the Dungeon.
You worshipped Xom.
You were a beloved toy of Xom.
You were very thirsty.

You visited 1 branch of the dungeon, and saw 7 of its levels.
You also visited: Sewer.

You collected 425 gold pieces.

Inventory:

Armour
 a - a +2 leather armour
 G - the +1 leather armour of Hysteria (worn) {-Cast MR++ Str+2 Dex+4}
   (You found it on level 7 of the Dungeon)

   It affects your strength (+2).
   It affects your dexterity (+4).
   It affects your resistance to hostile enchantments.
   It prevents spellcasting.
Jewellery
 l - a cursed ring of loudness (left hand)
 p - an uncursed amulet of harm
 w - a ring of flight (right hand)
 F - a +3 amulet of reflection (around neck)
Wands
 v - a wand of iceblast (10/15)
 H - a wand of iceblast (3/15)
Scrolls
 b - 3 scrolls of remove curse {unknown}
 d - 2 scrolls of blinking {unknown}
 f - 2 scrolls of recharging {unknown}
 g - 10 scrolls of identify {unknown}
 i - 3 scrolls of fog {unknown}
 n - 2 scrolls of immolation {unknown}
 o - 2 scrolls of enchant weapon {unknown}
 r - 3 scrolls of amnesia {unknown}
 A - 4 scrolls of teleportation {unknown}
 C - a scroll of fear {unknown}
 D - a scroll of magic mapping {unknown}
 E - a scroll of enchant armour {unknown}
Potions
 c - a potion of agility {unknown}
 e - 6 potions of curing
 h - 2 potions of flight
 j - 2 potions of haste {unknown}
 k - 2 potions of magic {unknown}
 m - 2 potions of brilliance {unknown}
 q - 3 potions of resistance {unknown}
 s - a potion of lignification {unknown}
 t - a potion of ambrosia {unknown}
 u - 2 potions of heal wounds {unknown}
 x - 2 potions of blood
 B - a potion of mutation {unknown}
Books
 y - a book of Cantrips

   Spells                             Type                      Level
   a - Confusing Touch                Hexes                        1
   b - Animate Skeleton               Necromancy                   1
   c - Summon Small Mammal            Summoning                    1
   d - Apportation                    Translocation                1
 z - a book of Misfortune

   Spells                             Type                      Level
   a - Confusing Touch                Hexes                        1
   b - Confuse                        Hexes                        3
   c - Gell's Gravitas                Translocation                3
   d - Petrify                        Transmutation/Earth          4
   e - Metabolic Englaciation         Hexes/Ice                    5
   f - Yara's Violent Unravelling     Hexes/Transmutation          5


   Skills:
 - Level 3.2(1.6) Fighting
 - Level 0.7(0.0) Armour
 - Level 3.1(1.5) Dodging
 + Level 1.4(0.0) Stealth
 + Level 11.9(9.9) Unarmed Combat
 - Level 5.1(3.4) Hexes


You had 7 spell levels left.
You knew the following spells:

 Your Spells              Type           Power        Failure   Level  Hunger
a - Confusing Touch       Hex            #.....       19%         1    ##.....


Dungeon Overview and Level Annotations

Branches:
Dungeon (7/15)             Temple (0/1) D:7

Altars:
Elyvilon
Qazlal
Trog
Uskayaw
Xom

Shops:
D:6 [


Innate Abilities, Weirdness & Mutations

You heal slowly.
You have razor-sharp teeth.
You have supernaturally acute eyesight. (SInv)
You can survive without breathing.
You have sharp toenails.
You are partially covered in icy blue scales. (AC +2)
You are partially covered in slimy green scales. (AC +2)
You are clumsy. (Dex -2)
You are frail. (-10% HP)
You are weak. (Str -2)
You evolve.


Message History

The orc laughs at nothing.
You strike the helpless orc warrior from behind!
You bite the orc warrior, and draw its blood!
You feel better.
You feel slightly less thirsty.
You hit the orc warrior.
The orc warrior is severely wounded.
The orc warrior hits you but does no damage.
You hit the orc warrior. Your kick misses the orc warrior.
The orc warrior is almost dead.
The orc warrior hits you with a short sword!
* * * LOW HITPOINT WARNING * * *
The orc hits itself with a morningstar of protection.
You barely miss the orc warrior.
You punch the orc warrior, but do no damage.
The orc warrior is almost dead.
You hit the orc warrior but do no damage.
You claw the orc warrior, but do no damage.
The orc warrior is almost dead.
The orc warrior hits you with a short sword!
You die...
Xom titters!

####### #..%...
#.##### #.#
############.#
#............#
#@##############
#o#.###........#
#o#...#.######.###
#.#.#.#.#>........
#.#.#.#.#....#.###
#.#.#.#...#....###
#
#o#.###...#.......
#.
#F#.....#......#
#..
###o#####.#.#.##.#


You could see an orc warrior (confused), a bullfrog, an orc wizard and an orc
(confused).

Vanquished Creatures
  A hog (D:4)
  A sky beast (D:5)
  An orc warrior (D:6)
  An ice beast (D:5)
  An ogre (D:7)
  2 centaurs
  3 bullfrogs
  A big kobold (D:6)
  2 scorpions (D:5)
  A water moccasin skeleton (D:6)
  2 bullfrog zombies
  3 centaur zombies
  2 jellies
  An orc priest (D:3)
  A hound (D:7)
  4 orc wizards
  An iguana (D:5)
  4 worker ants
  A killer bee zombie (D:5)
  A hound skeleton (D:6)
  A mummy (D:4)
  A worker ant zombie (D:5)
  8 adders
  A river rat (D:3)
  An ooze (D:4)
  An adder skeleton (D:5)
  2 worms
  3 dart slugs
  3 leopard geckos
  24 orcs
  A bat (D:2)
  4 giant cockroaches
  8 goblins
  7 hobgoblins
  9 jackals
  12 kobolds
  A quokka (D:5)
  6 ball pythons
  A ball python skeleton (D:5)
  12 frilled lizards
  A hobgoblin zombie (D:4)
  3 kobold zombies (D:4)
  A quokka skeleton (D:4)
  8 rats
153 creatures vanquished.

Vanquished Creatures (collateral kills)
  A wyvern (Sewer)
  A big kobold (D:6)
  A kobold (D:6)
3 creatures vanquished.

Grand Total: 156 creatures vanquished

Notes
Turn   | Place    | Note
-------+----------+-------------------------------------------
     0 | D:1      | Irenicus the Vampire Chaos Knight began the quest for the Orb.
     0 | D:1      | Reached XP level 1. HP: 17/17 MP: 1/1
    57 | D:1      | Reached XP level 2. HP: 21/23 MP: 2/2
    67 | D:1      | You fall through a shaft!
    79 | D:2      | XOM: divination: detect items
   155 | D:2      | Reached skill level 4 in Unarmed Combat
   180 | D:2      | Reached XP level 3. HP: 26/29 MP: 3/3
   239 | D:2      | XOM: medium Erth miscast
   246 | D:2      | XOM: scenery: create altars
   568 | D:3      | Found a glowing drain.
   579 | D:3      | Reached XP level 4. HP: 35/35 MP: 4/4
   605 | Sewer    | Entered a sewer
   641 | Sewer    | Reached skill level 5 in Unarmed Combat
   657 | Sewer    | Noticed Purgy
   657 | Sewer    | Noticed Purgy
   657 | Sewer    | Purgy changed into Purgy the wyvern
   657 | Sewer    | XOM: polymorph Purgy -> Purgy the wyvern
   662 | Sewer    | XOM: summons 3 friendly demons
   663 | Sewer    | XOM: butterfly on damage
   664 | Sewer    | Killed Purgy the wyvern
   664 | Sewer    | Reached skill level 6 in Unarmed Combat
   664 | Sewer    | Reached XP level 5. HP: 16/41 MP: 5/5
   704 | Sewer    | XOM: 2-stop teleportation journey
   821 | Sewer    | XOM: give mutations
   821 | Sewer    | Gained mutation: You are dopey. (Int -2) [Xom's mischief]
   821 | Sewer    | Gained mutation: You are clumsy. (Dex -2) [Xom's mischief]
   821 | Sewer    | Gained mutation: You are very clumsy. (Dex -4) [Xom's mischief]
  1150 | Sewer    | XOM is BORED!
  1150 | Sewer    | XOM: draining
  1471 | Sewer    | XOM: give mutations
  1471 | Sewer    | Gained mutation: You have sharp toenails. [Xom's grace]
  1471 | Sewer    | Gained mutation: You are partially covered in slimy green scales. (AC +2) [Xom's grace]
  1516 | Sewer    | XOM is BORED!
  1516 | Sewer    | XOM: summons 2 hostile demons
  1539 | Sewer    | XOM: summons 2 hostile shadow creatures
  1879 | D:3      | Reached XP level 6. HP: 45/47 MP: 6/6
  1912 | D:3      | XOM: blink monster(s)
  1926 | D:3      | Reached skill level 7 in Unarmed Combat
  2326 | D:4      | Noticed a hog
  2326 | D:4      | an iguana changed into a hog
  2326 | D:4      | XOM: polymorph iguana -> hog
  2330 | D:4      | XOM: fog
  2337 | D:4      | Killed a hog
  2337 | D:4      | Reached skill level 8 in Unarmed Combat
  2337 | D:4      | Reached XP level 7. HP: 18/52 MP: 7/7
  2347 | D:4      | Found a white marble altar of Elyvilon.
  2347 | D:4      | Found a bloodstained altar of Trog.
  2347 | D:4      | Found a shimmering altar of Xom.
  2356 | D:4      | Found a hide-covered altar of Uskayaw.
  2359 | D:4      | Found a stormy altar of Qazlal.
  2539 | D:4      | XOM: give mutations
  2539 | D:4      | Gained mutation: You evolve. [Xom's mischief]
  2539 | D:4      | Lost mutation: You are very clumsy. (Dex -4) [Xom's mischief]
  2639 | D:4      | XOM: blink monster(s)
  2642 | D:4      | XOM: smoke on damage
  2689 | D:4      | XOM: give mutations
  2689 | D:4      | Gained mutation: You are partially covered in icy blue scales. (AC +2) [Xom's mischief]
  2689 | D:4      | Gained mutation: You are weak. (Str -2) [Xom's mischief]
  2689 | D:4      | Lost mutation: You are dopey. (Int -2) [Xom's mischief]
  2689 | D:4      | Gained mutation: You are frail. (-10% HP) [Xom's mischief]
  2730 | D:5      | Entered Level 5 of the Dungeon
  2905 | D:5      | XOM: enchant monster (bad)
  2919 | D:5      | XOM: butterfly on damage
  2951 | D:5      | Reached skill level 9 in Unarmed Combat
  3072 | D:5      | XOM: chaos cloud
  3073 | D:5      | Paralysed by you for 4 turns
  3078 | D:5      | XOM: swap monsters
  3386 | D:5      | XOM: blink monster(s)
  3394 | D:5      | Reached skill level 10 in Unarmed Combat
  3394 | D:5      | Reached XP level 8. HP: 52/52 MP: 8/8
  3555 | D:5      | Learned a level 1 spell: Confusing Touch
  3771 | D:6      | Reached skill level 1 in Hexes
  3934 | D:6      | XOM: silly message
  3937 | D:6      | XOM: silly message
  4049 | D:6      | XOM: cast spell 'Call Canine Familiar'
  4064 | D:6      | Reached skill level 5 in Hexes
  4182 | D:6      | Found Ponn's Armour Boutique.
  4234 | D:6      | XOM: harmless Tloc miscast
  4245 | D:6      | XOM: divination: detect creatures
  4319 | D:6      | Reached skill level 11 in Unarmed Combat
  4665 | D:7      | XOM: harmless Necr miscast
  4694 | D:7      | Found a staircase to the Ecumenical Temple.
  4895 | D:7      | Reached skill level 1 in Stealth
  4895 | D:7      | Reached XP level 9. HP: 50/57 MP: 9/9
  4935 | D:7      | Got a dazzling leather armour
  4946 | D:7      | Identified the +1 leather armour of Hysteria {-Cast MR++ Str+2 Dex+4} (You found it on level 7 of the Dungeon)
  4982 | D:7      | XOM: harmless Tloc miscast
  5011 | D:7      | XOM: noise
  5278 | D:7      | XOM: confusion (+ monsters)
  5293 | D:7      | XOM: enchant monster (good)
  5297 | D:7      | XOM: cleaving
  5299 | D:7      | XOM: cast spell 'Alistair's Intoxication'
  5305 | D:7      | Slain by an orc warrior

Skill      XL: |  1  2  3  4  5  6  7  8 |
---------------+-------------------------+-----
Fighting       | 3 |  3.2
Unarmed Combat | 4 6 8 10 11 | 11.9
Dodging        | 3 |  3.1
Hexes          | 5 |  5.1
Stealth        | 1 |  1.4
Armour         | |  0.7

Action                   |  1- 3 |  4- 6 |  7- 9 || total
-------------------------+-------+-------+-------++-------
Melee: Unarmed           |   107 |   191 |   324 ||   622
       Bite              |     9 |    14 |    35 ||    58
       Punch             |     2 |     1 |     7 ||    10
       Kick              |       |    30 |    85 ||   115
 Cast: Confusing Touch   |       |       |    14 ||    14
 Abil: Bat Form          |       |     1 |       ||     1
  Use: Potion            |       |     1 |     2 ||     3
 Stab: Sleeping          |     1 |     1 |       ||     2
       Invisible         |       |       |     1 ||     1
       Confused          |       |       |     7 ||     7
  Eat: Corpse            |     8 |     6 |     7 ||    21
Armor: Leather armour    |    26 |    60 |    66 ||   152
Dodge: Dodged            |    60 |   104 |   140 ||   304
